 Dungeon Crawl Stone Soup version 0.28-a0-1206-g193881aaa2 (webtiles) character file.

Game seed: 4599704044284816742

1701 bearlyready the Carver (level 8, -2/70 HPs)
             Began as a Minotaur Delver on Dec 20, 2021.
             Slain by Prince Ribbit (14 damage)
             ... on level 5 of the Dungeon.
             The game lasted 00:10:23 (6404 turns).

bearlyready the Carver (Minotaur Delver)            Turns: 6404, Time: 00:10:23

Health: -2/70      AC:  9    Str: 19    XL:     8   Next: 73%
Magic:  7/7        EV: 11    Int:  7    God:
Gold:   181        SH:  0    Dex: 12    Spells: 7/7 levels left

rFire   + . .      SeeInvis .   m - +0 long sword
rCold   . . .      Faith    .   (no shield)
rNeg    . . .      Spirit   .   A - +2 ring mail {rF+}
rPois   .          Reflect  .   (helmet restricted)
rElec   .          Harm     .   h - +0 cloak
rCorr   +          Rampage  .   (no gloves)
Will    .....                   E - +0 pair of boots
Stlth   ++........              (no amulet)
HPRegen 0.21/turn               q - ring of resist corrosion
MPRegen 0.10/turn               (no ring)

@: no status effects
A: horns 2, retaliatory headbutt
a: no special abilities


You were on level 5 of the Dungeon.
You visited 1 branch of the dungeon, and saw 5 of its levels.

You collected 181 gold pieces.

Inventory:

Hand Weapons
 a - a +0 falchion
 m - a +0 long sword (weapon)
Missiles
 d - 2 boomerangs
 k - 6 javelins
 r - 39 bolts
 s - 5 poisoned darts (quivered)
 t - 11 arrows
Armour
 h - a +0 cloak (worn)
 x - a +0 buckler
 A - a +2 ring mail of fire resistance (worn)
 E - a +0 pair of boots (worn)
Jewellery
 q - a ring of resist corrosion (left hand)
 y - a ring of fire
Wands
 g - a wand of digging (3)
 j - a wand of iceblast (5)
Scrolls
 c - 3 scrolls of fog
 e - 2 scrolls of brand weapon {unknown}
 o - a scroll of blinking {unknown}
 B - a scroll of immolation
 C - a scroll of magic mapping
 D - a scroll of amnesia {unknown}
Potions
 b - 3 potions of attraction
 f - a potion of haste
 i - a potion of cancellation {unknown}
 l - 4 potions of curing
 n - a potion of lignification {unknown}
 p - 2 potions of heal wounds
 u - 2 potions of brilliance {unknown}
 v - a potion of mutation {unknown}
 w - a potion of berserk rage
 z - a potion of magic {unknown}


   Skills:
 + Level 5.7 Fighting
 + Level 12.7 Long Blades
 - Level 2.1 Dodging
 - Level 4.1 Stealth


You had 7 spell levels left.
You didn't know any spells.
Your spell library contained the following spells:

 Spells                   Type           Power      Damage    Failure   Level
 Scorch                   Fire           0%         2d5       77%         2
 Lesser Beckoning         Tloc           0%         N/A       94%         3
 Teleport Other           Tloc           0%         N/A       94%         3
 Iskenderun's Mystic Bla  Conj/Tloc      0%         2d3       100%        4


Dungeon Overview and Level Annotations

Branches:
Dungeon (5/15)
 Temple: D:4-7

Altars:
Kikubaaqudgha

Annotations:
D:5 Prince Ribbit


Innate Abilities, Weirdness & Mutations

You have a pair of horns on your head.
You reflexively headbutt those who attack you in melee.


Message History

Aim: Prince Ribbit (moderately wounded, 36% to hit)
You throw a poisoned dart. The poisoned dart misses Prince Ribbit.
You barely miss Prince Ribbit.
Prince Ribbit is moderately wounded.
Prince Ribbit misses you.
You hit Prince Ribbit. Your headbutt misses Prince Ribbit.
Prince Ribbit is moderately wounded.
Prince Ribbit closely misses you. You furiously retaliate!
You headbutt Prince Ribbit. You completely miss Prince Ribbit.
Prince Ribbit is moderately wounded.
Prince Ribbit misses you. You furiously retaliate!
You headbutt Prince Ribbit! You closely miss Prince Ribbit.
Prince Ribbit is heavily wounded.
Prince Ribbit hits you.
You barely miss Prince Ribbit. Your headbutt misses Prince Ribbit.
Prince Ribbit is heavily wounded.
Prince Ribbit hits you but does no damage.
You barely miss Prince Ribbit. Your headbutt misses Prince Ribbit.
Prince Ribbit is heavily wounded.
Prince Ribbit hits you.
You barely miss Prince Ribbit.
Prince Ribbit is heavily wounded.
Prince Ribbit hits you!
You slash Prince Ribbit!
Prince Ribbit is severely wounded.
Prince Ribbit hits you but does no damage.
You hit Prince Ribbit.
Prince Ribbit is almost dead.
Prince Ribbit misses you.
You barely miss Prince Ribbit.
Prince Ribbit is almost dead.
Prince Ribbit hits you!
* * * LOW HITPOINT WARNING * * *
You completely miss Prince Ribbit.
Prince Ribbit is almost dead.
Prince Ribbit hits you.
* * * LOW HITPOINT WARNING * * *
Prince Ribbit hits you!
You die...

#...###....####...########
#...###..).####...##.....#
.............#.....#.....#
.............#.....#>....#
.............#.....#.....#
.............#.....#.....#
.............#....##...####+##
.............#....##...###...##
.............#..@...(...#.....#
##..####.....##.F.##....#.....#
##..####.....##...##....†.....#
.#...........#....#######....##
.#...........#....##...# ....#
.#...........#(........# .....#
####+###'######...##...# .....#
##...###...####...##...+ .....#
......+.....†......#...# ....##


You could see Prince Ribbit.

Vanquished Creatures
  Sigmund (D:4)
  Menkaure (D:5)
  Duvessa (D:4)
  A sky beast (D:5)
  2 ogres
  An orc warrior (D:4)
  A necrophage (D:4)
  A lemure (D:4)
  Blork the orc (D:5)
  A gnoll sergeant (D:3)
  A scorpion (D:4)
  Dowan (D:4)
  A bullfrog zombie (D:5)
  A hound (D:5)
  Crazy Yiuf (D:4)
  2 centaur skeletons (D:4)
  A jelly (D:4)
  Jessica (D:3)
  2 bullfrog skeletons
  Natasha (thrice) (D:4)
  Terence (D:3)
  2 iguanas (D:5)
  An orc wizard (D:4)
  Robin (D:3)
  5 gnolls
  5 adders
  2 river rats (D:4)
  An ufetubus (D:4)
  5 dart slugs
  4 orcs (D:4)
  5 bat zombies (D:3)
  6 endoplasms
  4 giant cockroaches
  16 goblins
  12 hobgoblins
  2 quokkas (D:4)
  4 ball pythons
  5 bats
  A frilled lizard (D:3)
  6 kobolds
  7 rats
120 creatures vanquished.

Vanquished Creatures (others)
  A fungus (D:4)
1 creature vanquished.

Grand Total: 121 creatures vanquished

Notes
Turn   | Place    | Note
-------+----------+-------------------------------------------
     0 | D:5      | bearlyready the Minotaur Delver began the quest for the
                  | Orb.
     0 | D:5      | Reached XP level 1. HP: 19/19 MP: 0/0
    23 | D:4      | Reached skill level 4 in Long Blades
    23 | D:4      | Reached XP level 2. HP: 21/26 MP: 1/1
    23 | D:4      | Reached XP level 3. HP: 25/31 MP: 2/2
    38 | D:4      | Noticed a gnoll sergeant
    95 | D:3      | Identified the +0 helmet "Sedghise" {rN+ Regen+}
    95 | D:3      | Noticed Robin
   400 | D:3      | Reached skill level 5 in Long Blades
   886 | D:1      | Reached XP level 4. HP: 39/39 MP: 3/3
  1770 | D:2      | Found a faded altar of an unknown god.
  2342 | D:2      | Noticed a phantom
  2408 | D:3      | Reached skill level 6 in Long Blades
  2513 | D:3      | Found an ancient bone altar of Kikubaaqudgha.
  2559 | D:3      | Noticed Terence
  2567 | D:3      | Killed Terence
  2568 | D:3      | Reached XP level 5. HP: 45/45 MP: 4/4
  2635 | D:3      | Killed Robin
  2846 | D:3      | Noticed Jessica
  2849 | D:3      | Killed Jessica
  3091 | D:4      | Noticed Sigmund
  3217 | D:4      | Killed Sigmund
  3218 | D:4      | Reached skill level 8 in Long Blades
  3218 | D:4      | Reached XP level 6. HP: 36/51 MP: 5/5
  3343 | D:4      | Noticed Natasha
  3358 | D:4      | Killed Natasha
  3397 | D:4      | Noticed Natasha
  3402 | D:4      | Killed Natasha
  3432 | D:4      | Noticed Natasha
  3492 | D:3      | Reached skill level 9 in Long Blades
  3492 | D:3      | Reached XP level 7. HP: 10/57 MP: 6/6
  3835 | D:4      | Killed Natasha
  3900 | D:4      | Noticed Dowan
  3901 | D:4      | Noticed Duvessa
  3924 | D:4      | Killed Duvessa
  3925 | D:4      | Reached skill level 10 in Long Blades
  3932 | D:4      | Killed Dowan
  4041 | D:4      | Reached skill level 11 in Long Blades
  4394 | D:4      | Reached XP level 8. HP: 57/64 MP: 7/7
  4691 | D:5      | Noticed Menkaure
  4716 | D:5      | Killed Menkaure
  5226 | D:5      | Reached skill level 12 in Long Blades
  5619 | D:4      | Got the Tome of Evolution
  5922 | D:4      | Found a runed translucent door.
  5968 | D:4      | Noticed Crazy Yiuf
  5976 | D:4      | Killed Crazy Yiuf
  6178 | D:5      | Noticed Blork the orc
  6179 | D:5      | Identified the +1 robe of Evul {rElec Will- Dex+8}
  6192 | D:5      | Killed Blork the orc
  6193 | D:5      | Reached skill level 5 in Fighting
  6257 | D:5      | Noticed Prince Ribbit
  6404 | D:5      | Slain by Prince Ribbit

Illustrated notes

Levels and vault maps discovered:
D:1:      eino_arrival_tree_alley, layout_loops_ring, moated_statue,
          grunt_decor_arrowhead
D:2:      layout_loops_corners, hellmonk_ecumenical_altar_leap_of_faith
D:3:      layout_basic, lemuel_zombie_altar_kikubaaqudgha, uniq_robin,
          uniq_terence, uniq_jessica
D:4:      layout_cave_pools, gup_sewer_entry_spiral, minmay_vboxes,
          uniq_duvessa, uniq_sigmund, uniq_natasha, uniq_crazy_yiuf_cottage
D:5:      layout_gridville, uniq_prince_ribbit1, uniq_blork_the_orc, uniq_pikel,
          uniq_menkaure

Skill      XL: |  1  2  3  4  5  6  7  8 |
---------------+-------------------------+-----
Long Blades    | 4 5 6 8 9 11 12 | 12.7
Fighting       | 5 |  5.7
Dodging        | |  2.1
Stealth        | |  4.1

Action                   |  1- 3 |  4- 6 |  7- 9 || total
-------------------------+-------+-------+-------++-------
Melee: Falchion          |    60 |    15 |       ||    75
       Headbutt          |     8 |    17 |    28 ||    53
       Long sword        |       |    92 |   162 ||   254
Throw: Boomerang         |     5 |       |       ||     5
       Dart              |       |    13 |    18 ||    31
Evoke: Wand              |     1 |       |       ||     1
  Use: Scroll            |     2 |       |     7 ||     9
       Potion            |     1 |     1 |     2 ||     4
 Stab: Sleeping          |     2 |     9 |     2 ||    13
       Distracted        |       |       |     1 ||     1
Armor: Leather armour    |    19 |    27 |       ||    46
       Chain mail        |       |    11 |     8 ||    19
       Ring mail         |       |       |    39 ||    39
Dodge: Dodged            |    33 |    55 |    66 ||   154

Table legend: (Time is in decaauts)
 A = Elapsed time spent in this place.
 B = Non-inter-level travel time spent in this place.
 C = Inter-level travel time spent in this place.
 D = Time resting spent in this place.
 E = Time spent auto-exploring this place.
 F = Levels seen in this place.
 G = Mean time per level.
                   A        B        C        D        E       F      G
               +--------+--------+--------+--------+--------+-----+--------+
         Total |   6475 |   6223 |    252 |   1609 |   3316 |   5 | 1295.0 |
       Dungeon |   6475 |   6223 |    252 |   1609 |   3316 |   5 | 1295.0 |
               +--------+--------+--------+--------+--------+-----+--------+

Top non-repeatable levels by time:
     D:4: 1833 daAuts
     D:3: 1541 daAuts
     D:2: 1198 daAuts
     D:5: 1153 daAuts
     D:1: 748 daAuts
